 Dungeon Crawl Stone Soup version 0.20-a0-689-g860b9ab (webtiles) character file.

5 dracos369 the Sneak (level 1, -1/11 HPs)
             Began as an Octopode Enchanter on Feb 20, 2017.
             Slain by a leopard gecko (2 damage)
             ... on level 1 of the Dungeon.
             The game lasted 00:00:27 (146 turns).

dracos369 the Sneak (Octopode Enchanter)             Turns: 146, Time: 00:00:27

Health: -1/11      AC:  1    Str:  7    XL:     1   Next: 80%
Magic:  3/3        EV: 13    Int: 17    God:
Gold:   7          SH:  0    Dex: 12    Spells: 3/4 levels left

rFire    . . .     SeeInvis .   a - +1 dagger
rCold    . . .     Gourm    .   (no shield)
rNeg     . . .     Faith    .   (helmet restricted)
rPois    .         Spirit   .   (no amulet)
rElec    .         Reflect  .   (no ring)
rCorr    .         Harm     .   (no ring)
MR       .....                  (no ring)
Stlth    ++++......             (no ring)
Regen    0.1/turn               (no ring)
MPRegen  0.1/turn               (no ring)
                                (no ring)
                                (no ring)

@: no status effects
A: almost no armour, stealthy swim, amphibious, 8 rings, constrict 8, camouflage
1, gelatinous body 1
a: no special abilities


You were on level 1 of the Dungeon.
You were not hungry.

You visited 1 branch of the dungeon, and saw 1 of its levels.

You collected 7 gold pieces.

Inventory:

Hand Weapons
 a - a +1 dagger (weapon)
Scrolls
 d - a scroll of identify {unknown}
Books
 b - a book of Maledictions

   Spells                             Type                      Level
   a - Corona                         Hexes                        1
   b - Ensorcelled Hibernation        Hexes/Ice                    2
   c - Confuse                        Hexes                        3
   d - Tukima's Dance                 Hexes                        3
   e - Dazzling Spray                 Conjuration/Hexes            3
Comestibles
 c - a bread ration
 f - 2 chunks of flesh


   Skills:
 + Level 1.0 Short Blades
 + Level 2.0 Dodging
 + Level 4.3 Stealth
 + Level 2.0 Spellcasting
 + Level 3.2 Hexes


You had 3 spell levels left.
You knew the following spells:

 Your Spells              Type           Power        Failure   Level  Hunger
a - Corona                Hex            ##.....      6%          1    #......


Dungeon Overview and Level Annotations

Branches:
Dungeon (1/15)

Altars:


Innate Abilities, Weirdness & Mutations

You cannot wear most types of armour.
You are very stealthy in the water. (Stealth+)
You are amphibious.
You can wear up to eight rings at the same time.
You can use your tentacles to constrict eight enemies at once.
Your skin changes colour to match your surroundings (Stealth+).
Your rubbery body absorbs attacks. (AC +1, EV +1)


Message History

You miss the bat. Your grab misses the bat. Your squeeze misses the bat.
The bat hits you but does no damage. The giant cockroach bites you.
The hobgoblin hits you with a club. The giant cockroach closely misses you.
A hobgoblin comes into view.
The hobgoblin shouts!
You hit the hobgoblin. Your grab misses the hobgoblin.
The hobgoblin is severely wounded.
The bat hits you. The hobgoblin closely misses you.
The hobgoblin hits you but does no damage.
The giant cockroach closely misses you.
You hit the hobgoblin.
You kill the hobgoblin!
The bat misses you.
The giant cockroach completely misses you.
The bat barely misses you. The hobgoblin hits you with a club.
* * * LOW HITPOINT WARNING * * *
You closely miss the bat. You grab the bat. You constrict the bat.
The bat hits you but does no damage.
The bat escapes!
The giant cockroach barely misses you. The leopard gecko bites you.
You die...

......##.# .... ..
......#..##...#.# ...
................. ...#
.....#.####...#.###..
.........##^..#.#...
..............#.#.# .
..#...........#...# ...
..#...........#g.##.....
. #.............@.......
#............s.lb.....
........................
..................#...$.
...#..............##g..#
...#.......$###.........
.............##..##.....
..................... ..
..........g ...


You could see a leopard gecko, a giant cockroach, 2 hobgoblins and a bat.

Vanquished Creatures
  A dart slug (D:1)
  A bat (D:1)
  A hobgoblin (D:1)
3 creatures vanquished.

Notes
Turn   | Place    | Note
-------+----------+-------------------------------------------
     0 | D:1      | dracos369 the Octopode Enchanter began the quest for the Orb.
     0 | D:1      | Reached XP level 1. HP: 11/11 MP: 3/3
   146 | D:1      | Slain by a leopard gecko

Vault maps used:
D:1:      dpeg_arrival_water_temple_mockup, minmay_misc_feat_diagonals

Action                   || total
-------------------------++-------
Melee: Dagger            ||    10
       Constrict         ||     3
       Tentacles         ||     1
 Cast: Corona            ||     2
Armor: Skin              ||     3
Dodge: Dodged            ||    15
